 Dungeon Crawl Stone Soup version 0.31-a0-210-gccc998df9b (webtiles) character file.

Game seed: 10903491261660907838

35 qw the Shooter (level 3, -1/21 HPs)
             Began as a Gargoyle Hexslinger on June 30, 2023.
             Slain by a goblin
             ... wielding a +0 dagger
             ... led by Robin
              (4 damage)
             ... on level 2 of the Dungeon.
             The game lasted 00:00:20 (926 turns).

qw the Shooter (Gargoyle Hexslinger)                 Turns: 926, Time: 00:00:21

Health: -1/21      AC:  5    Str: 11    XL:     3   Next: 33%
Magic:  4/4        EV: 12    Int: 13    God:
Gold:   52         SH:  0    Dex: 14    Spells: 3/4 levels left

rFire   . . .        Y - +1 sling
rCold   . . .        (no shield)
rNeg    + . .        c - +0 robe
rPois   inf          (no helmet)
rElec   +            (no cloak)
rCorr   .            (no gloves)
SInv    .            (no boots)
Will    .....        (no amulet)
Stlth   +            (no ring)
HPRegen 0.23/turn    (no ring)
MPRegen 0.09/turn

%: no passive effects
@: no status effects
A: sickness immunity, AC +3, negative energy resistance 1, electricity
resistance, torment resistance 1, petrification resistance
a: no special abilities


You were on level 2 of the Dungeon.
You visited 1 branch of the dungeon, and saw 2 of its levels.

You collected 52 gold pieces.


Innate Abilities, Weirdness & Mutations

You are immune to sickness and miasma.
Your stone body is resilient. (AC +3)
You are immune to poison.
You resist negative energy. (rN+)
You are resistant to electric shocks. (rElec)
You are resistant to unholy torment.
You are immune to petrification.


   Skills:
 - Level 2.1 Fighting
 + Level 3.2 Ranged Weapons
 - Level 1.5 Dodging
 - Level 1.0 Spellcasting
 - Level 2.6 Hexes


You had 3 spell levels left.
You knew the following spells:

 Your Spells              Type           Power      Damage    Failure   Level
a - Slow                  Hex            28%        N/A       10%         1

Your spell library contained the following spells:

 Spells                   Type           Power      Damage    Failure   Level
 Inner Flame              Hex/Fire       4%         N/A       43%         3
 Portal Projectile        Hex/Tloc       8%         N/A       43%         3
 Cause Fear               Hex            3%         N/A       67%         4

Inventory:

Hand Weapons
 Y - a +1 sling (weapon)
Armour
 c - a +0 robe (worn)
Scrolls
 b - a scroll of teleportation {unknown}
Potions
 a - 2 potions of curing {unknown}
 d - a potion of invisibility {unknown}
 e - a potion of haste {unknown}
 f - a potion of heal wounds {unknown}

Dungeon Overview and Level Annotations

Branches:
Dungeon (2/15)

Altars:

Annotations:
D:2 Robin


Message History

The goblin hits you with a +0 dagger. The hobgoblin misses you.
The goblin barely misses you. The hobgoblin barely misses you.
An endoplasm comes into view.
The goblin hits you but does no damage.
You hear a shout!
You shoot a sling bullet. The sling bullet hits the goblin.
You kill the goblin!
The hobgoblin barely misses you.
You shoot a sling bullet.
The sling bullet completely misses the goblin.
The hobgoblin barely misses you. The goblin closely misses you.
You shoot a sling bullet.
The sling bullet hits Robin but does no damage.
The endoplasm freezes you.
You are frozen.
Robin closely misses you. The goblin hits you but does no damage.
The hobgoblin misses you.
You shoot a sling bullet. The sling bullet hits Robin.
Robin is moderately wounded.
The endoplasm completely misses you. Robin throws the goblin at you!
The hobgoblin barely misses you. The goblin hits you but does no damage.
A goblin comes into view. It is wielding a +0 dagger.
The endoplasm freezes you.
You are frozen.
The goblin hits you but does no damage. The hobgoblin barely misses you.
Robin hits you but does no damage.
You shoot a sling bullet. The sling bullet hits Robin.
Robin is heavily wounded.
The hobgoblin barely misses you. Robin misses you.
The goblin barely misses you. The endoplasm barely misses you.
You shoot a sling bullet.
The sling bullet hits Robin but does no damage.
Robin is heavily wounded.
Robin throws the goblin at you! The goblin misses you.
The goblin hits you with a +0 dagger. The endoplasm hits you.
You shoot a sling bullet.
The sling bullet hits Robin but does no damage.
Robin is heavily wounded.
The hobgoblin hits you but does no damage.
The endoplasm hits you. The goblin hits you but does no damage.
Robin misses you. The goblin hits you with a +0 dagger.
You die...

### .. ####
#.#####
.....#.#...
###..g.J##
#....g@g.#####
#.####.g.....#
###..##.##..
##........ ###
#........ ..#
#.###.##. #.#
###.# # #.#
#...# #.#
###.###


You could see Robin, an endoplasm, a hobgoblin (strong) and 2 goblins.

Vanquished Creatures
  An adder (D:1)
  2 dart slugs (D:1)
  3 endoplasms
  A giant cockroach (D:1)
  2 goblins (D:2)
  5 hobgoblins
  A quokka (D:1)
  3 bats
  A frilled lizard (D:1)
  A kobold (D:1)
20 creatures vanquished.

Notes
Turn   | Place    | Note
-------+----------+-------------------------------------------
     0 | D:1      | qw the Gargoyle Hexslinger began the quest for the Orb.
     0 | D:1      | Reached XP level 1. HP: 12/12 MP: 2/2
     0 | D:1      | 0 ||| qw: Version: 0.3-a-26-gee661ec
     0 | D:1      | 0 ||| qw: Game counter: 7158
     0 | D:1      | 0 ||| qw: Melee chars always use a shield: true
     0 | D:1      | 0 ||| qw: God list: Okawaru
     0 | D:1      | 0 ||| qw: Allow faded altars: false
     0 | D:1      | 0 ||| qw: Do Orc after clearing Dungeon:15 true
     0 | D:1      | 0 ||| qw: Do second Lair branch before Depths: true
     0 | D:1      | 0 ||| qw: Lair rune preference: random
     0 | D:1      | 0 ||| qw: Goals: Normal
     0 | D:1      | 0 ||| PLANNING D:1-11
   120 | D:1      | Reached XP level 2. HP: 16/16 MP: 3/3
   389 | D:1      | Reached skill level 3 in Ranged Weapons
   726 | D:1      | 726 ||| DROPPING ring of magical power.
   727 | D:1      | 727 ||| READING scroll labelled OTEATO AVUE.
   741 | D:1      | 741 ||| READING scroll labelled GITASTR ICATECO.
   742 | D:1      | 742 ||| READING scroll labelled YLUEHA ASHRIUXT.
   743 | D:1      | 743 ||| DROPPING scroll of poison.
   776 | D:2      | 776 ||| STAIRDANCE
   794 | D:1      | Reached XP level 3. HP: 10/21 MP: 4/4
   917 | D:2      | Noticed Robin
   925 | D:2      | HP: 5/21 [endoplasm (1)]
   926 | D:2      | Slain by a goblin

Levels and vault maps discovered:
D:1:      ldierk_walled_garden_2, layout_loops_ring
D:2:      layout_rooms, basic_altar, minmay_lizard_king, uniq_terence,
          uniq_robin

Skill      XL: |  1  2 |
---------------+-------+-----
Ranged Weapons | 3 |  3.2
Fighting       | 2 |  2.1
Dodging        | |  1.5
Spellcasting   | |  1.0
Hexes          | |  2.6

Action                     || total
---------------------------++-------
   Fire: Sling             ||    88
    Use: Scroll            ||     3
 Armour: Robe              ||    25
  Dodge: Dodged            ||    43

Table legend:
 A = Non-vault XP
 B = Vault XP
 C = Vault XP percentage of total XP
 D = Non-vault monster count
 E = Vault monster count
 F = Vault count percentage of total count
                 A         B        C        D         E       F
            +---------+---------+-------+---------+---------+-------
      Total |      46 |       4 |   8.0 |      18 |       2 |  10.0
            +---------+---------+-------+---------+---------+-------
        D:1 |      39 |       0 |   0.0 |      14 |       0 |   0.0
        D:2 |       7 |       4 |  36.4 |       4 |       2 |  33.3
            +---------+---------+-------+---------+---------+-------
